 Dungeon Crawl Stone Soup version 0.30-a0-223-gcb0039aa0c (webtiles) character file.

Game seed: 4410533553507941039

195319 qw the Severer (level 18, -1/123 HPs)
             Began as a Gargoyle Fighter on Oct 9, 2022.
             Was a High Priest of Okawaru.
             Slain by a 14-headed hydra (8 damage)
             ... on level 4 of the Swamp.
             The game lasted 00:13:53 (28317 turns).

qw the Severer (Gargoyle Fighter)                  Turns: 28317, Time: 00:13:54

Health: -1/123     AC: 53    Str: 35    XL:     18   Next: 78%
Magic:  25/25      EV: 12    Int: 12    God:    Okawaru [*****.]
Gold:   1424       SH: 19    Dex:  9    Spells: 17/17 levels left

rFire   + + .      SeeInvis +    Y - +7 broad axe (spect)
rCold   + . .      Faith    .    w - +5 kite shield of Starshine {rF+ rC+ Str+8 Int-4}
rNeg    + . .      Spirit   .    G - +9 plate armour of the Cicada {rF+}
rPois   inf        Reflect  .    k - +2 helmet
rElec   +          Harm     .    E - scarf {repulsion}
rCorr   .          Rampage  .    h - +2 pair of gloves of Unbearable Leaves {*Slow rElec Int+6}
Will    +....                    c - +2 pair of boots {Fly}
Stlth   ..........               x - amulet of regeneration
HPRegen 1.20/turn                r - ring of Satabb {EV+4 Slay+6}
MPRegen 0.19/turn                u - ring of see invisible

@: about to teleport, heroic, grasped by roots, flying, slowed, constricted,
repel missiles, very slow
A: sickness immunity, AC +13, big wings, negative energy resistance 1,
electricity resistance, torment resistance 1, petrification resistance
a: Renounce Religion, Heroism, Finesse, Duel


You were on level 4 of the Swamp.
You worshipped Okawaru.
Okawaru was extremely pleased with you.
You visited 6 branches of the dungeon, and saw 30 of its levels.
You also visited: Gauntlet.

You collected 3845 gold pieces.
You spent 2421 gold pieces at shops.


Innate Abilities, Weirdness & Mutations

You are immune to sickness and miasma.
Your stone body is resilient. (AC +13)
You are immune to poison.
Your large and strong wings let you fly.
You resist negative energy. (rN+)
You are resistant to electric shocks. (rElec)
You are resistant to unholy torment.
You are immune to petrification.


   Skills:
 - Level 17.0(22.0) Fighting
 - Level 18.0(23.0) Axes
 + Level 7.3(12.3) Throwing
 - Level 15.0(20.0) Armour
 - Level 4.1(9.1) Dodging
 - Level 15.5(20.5) Shields
 - Level 10.0 Invocations


You had 17 spell levels left.
You didn't know any spells.
Your spell library was empty.

Inventory:

Hand Weapons
 Y - a +7 spectral broad axe (weapon)
Missiles
 n - 28 boomerangs
 s - 5 javelins (quivered)
Armour
 c - a +2 pair of boots of flying (worn)
 e - the +2 hat of Koqo {rN+ rCorr Int+3}
   (Okawaru gifted it to you in a Gauntlet)

   Int:       It affects your intelligence (+3).
   rN:        It protects you from negative energy.
   rCorr:     It protects you from acid and corrosion.
 h - the +2 pair of gloves of Unbearable Leaves (worn) {*Slow rElec Int+6}
   (Okawaru gifted it to you on level 3 of the Swamp)

   Int:       It affects your intelligence (+6).
   rElec:     It insulates you from electricity.
   *Slow:     It may slow you when you take damage.
 k - a +2 helmet (worn)
 p - a +0 cloak
 w - the +5 kite shield of Starshine (worn) {rF+ rC+ Str+8 Int-4}
   (Okawaru gifted it to you on level 2 of the Orcish Mines)

   Str:       It affects your strength (+8).
   Int:       It affects your intelligence (-4).
   rF:        It protects you from fire.
   rC:        It protects you from cold.
 E - a scarf of repulsion (worn)
 G - the +9 plate armour of the Cicada (worn) {rF+}
   (You bought it in a shop on level 1 of the Snake Pit)

   rF:        It protects you from fire.
Jewellery
 r - the ring of Satabb (left hand) {EV+4 Slay+6}
   (You found it in a Gauntlet)

   [ring of evasion]

   EV:        It affects your evasion (+4).
   Slay:      It affects your accuracy & damage with ranged weapons and melee
   (+6).
 u - a ring of see invisible (right hand)
 x - an amulet of regeneration (around neck)
 y - the ring "Liluidytz" {Str+6 Int+3}
   (You found it in a Gauntlet)

   [ring of strength]

   Str:       It affects your strength (+6).
   Int:       It affects your intelligence (+3).
 F - a ring of fire
Scrolls
 b - 11 scrolls of teleportation
 m - 8 scrolls of identify
 q - a scroll of enchant armour
Potions
 a - 6 potions of haste
 d - 4 potions of might
 f - 4 potions of mutation
 g - 2 potions of lignification
 i - 2 potions of cancellation
 j - 2 potions of resistance
 l - 3 potions of heal wounds
 o - 3 potions of curing
 v - 3 potions of attraction
 A - a potion of magic

Dungeon Overview and Level Annotations

Branches:
Dungeon (15/15) Temple (1/1) D:4 Lair (5/5) D:8 Swamp (4/4) Lair:2 Snake (3/4) Lair:3 Slime (0/5) Lair:4 Orc (2/2) D:9 Elf (0/3) Orc:2 Vaults (0/5) D:13 D:14 Depths (0/4) D:15 Gauntlet (visited)

Altars:
Ashenzari
Cheibriados
Dithmenos
Elyvilon
Fedhas
Gozag
Hepliaklqana
Kikubaaqudgha
Makhleb
Nemelex Xobeh
Okawaru
Qazlal
Ru
Sif Muna
Trog
Uskayaw
Vehumet
Wu Jian
Xom
Yredelemnul
Zin
The Shining One

Shops:
D:2 =   D:11 ::   Orc:2 (=(*[   Snake:1 [   Snake:3 [

Annotations:
D:3 1 runed translucent door, Crazy Yiuf
D:12 2 transporters, Afrar's ghost, journeyman FoFi
Lair:2 4 runed translucent doors, Suk Xiy's ghost, journeyman DrTm
Abyss:1 Jorgrun


Message History

The nine-headed hydra bites you but does no damage.
The nine-headed hydra closely misses you.
The nine-headed hydra bites you but does no damage. x2
The nine-headed hydra barely misses you.
The nine-headed hydra closely misses you.
The nine-headed hydra bites you but does no damage.
The nine-headed hydra bites you.
The bog body touches your +7 spectral broad axe.
Your spectral weapon shares its damage with you!
The bog body freezes your +7 spectral broad axe.
Your +7 spectral broad axe resists.
Your spectral weapon shares its damage with you!
Your +7 spectral broad axe fades away.
The grasping roots constrict you! You block the 14-headed hydra's attack.
The 14-headed hydra barely misses you. The 14-headed hydra bites you!
The 14-headed hydra bites you but does no damage.
The 14-headed hydra closely misses you.
The 14-headed hydra bites you but does no damage. x3
The 14-headed hydra closely misses you.
The 14-headed hydra bites you but does no damage.
The 14-headed hydra barely misses you. x2
The 14-headed hydra bites you but does no damage.
The 14-headed hydra closely misses you.
28317 ||| READING 12 scrolls of teleportation.
As you read the scroll of teleportation, it crumbles to dust.
You feel strangely unstable.
You block the nine-headed hydra's attack.
The nine-headed hydra bites you but does no damage. x2
You block the nine-headed hydra's attack. x2
The nine-headed hydra bites you.
The nine-headed hydra bites you but does no damage. x3
The shambling mangrove hits you but does no damage.
The grasping roots constrict you.
The 14-headed hydra bites you but does no damage. x2
The 14-headed hydra bites you.
The 14-headed hydra completely misses you.
The 14-headed hydra barely misses you. The 14-headed hydra bites you.
The 14-headed hydra bites you but does no damage.
The 14-headed hydra bites you!
You die... #~.~.~.~~#...%........ #~%##.~.##.~###77..... #..###~##~~## 7.~.... 777777

#.~.~###¤~## 7......
77..7.77##~.~~.~~## # 77~...~
7~.~~¤.7 ##~..~~##~~~ 77~..~7
77.~~~77 #~#####..[. 7~.7.77
7.~~~~77 #~.#D....~~ 7~~~.77
7.~~~~~7 #~.@fn...~. 77~~~~~
77..~~¤77 ##.~D###~.~ #77~~~~~
7.~~~~~~77 ##### 7..~~~~~
7~~~~~~¤.7 77.<.~~~~
77..~~~.777777777 77~.....~~
777~.~~777¤.7.7.77777%~~..77~7
7.~~~~~~~.~~~...~7..¤~~~777777
7.~~~~~¤..~~~...777.~~~~7
77...~..~.<~%~~~~~.7.~~.7


You could see a shambling mangrove, a 14-headed hydra, a nine-headed hydra and a
bog body.

Vanquished Creatures
  Mara (Swamp:3)
  Rupert (D:13)
  Kirke (D:12)
  2 thorn hunters
  Donald (Swamp:3)
  2 nagarajas
  A fenstrider witch (Swamp:4)
  An orc warlord (Orc:2)
  A stone giant (D:15)
  2 eleionomae (Swamp:2)
  A minotaur (Gauntlet)
  7 bunyips
  Snorg (D:11)
  Josephine (D:11)
  An entropy weaver (Gauntlet)
  A fire dragon (D:14)
  2 shambling mangroves (Swamp:4)
  Harold (D:11)
  25 hydras
  A salamander tyrant (Snake:3)
  6 anacondas
  4 boulder beetles
  An ice dragon (Orc:2)
  2 ghost crabs
  An ogre mage (D:15)
  A spriggan air mage (Swamp:1)
  5 naga warriors
  2 catoblepae
  7 two-headed ogres
  A death yak (Lair:4)
  6 centaur warriors
  A tengu warrior (D:11)
  8 alligators
  A spriggan berserker (Swamp:4)
  5 orc high priests
  2 shock serpents
  5 naga sharpshooters
  Sonja (D:11)
  A death drake (Swamp:4)
  A fire crab (shapeshifter) (Gauntlet)
  5 goliath frogs
  4 salamander mystics
  5 spriggan druids
  5 naga ritualists
  10 swamp dragons
  5 orc knights
  13 bog bodies
  7 mana vipers
  17 ugly things
  3 deep elf pyromancers
  5 cyclopes
  4 manticores
  17 salamanders
  4 orc sorcerers
  3 will-o-the-wisps
  A moth of wrath (Swamp:4)
  12 elephants
  Joseph (D:9)
  A guardian serpent (shapeshifter) (D:9)
  Maurice (D:11)
  10 naga magi
  37 black mambas
  A guardian serpent (Snake:3)
  25 cane toads
  4 torpor snails
  An unseen horror (D:13)
  A torpor snail (shapeshifter) (D:15)
  A rime drake (shapeshifter) (D:15)
  2 kobold demonologists (D:12)
  7 komodo dragons
  A freezing wraith (D:14)
  3 rime drakes (Lair:4)
  2 efreet (D:15)
  A tengu conjurer (D:15)
  4 yaktaurs (D:15)
  4 polar bears
  6 trolls
  3 meliai (Lair:4)
  A merfolk (shapeshifter) (D:14)
  2 queen bees
  A meliai (shapeshifter) (Gauntlet)
  Grinder (D:3)
  10 tyrant leeches
  16 hornets
  11 blink frogs
  A raiju (shapeshifter) (D:13)
  5 slime creatures (D:12)
  14 spriggans
  5 wraiths
  A vampire (D:7)
  A shadow (D:11)
  5 wyverns
  43 yaks
  3 hogs (D:12)
  5 basilisks
  Grum (D:9)
  17 humans
  A steam dragon (Lair:4)
  A redback (Gauntlet)
  7 vampire mosquitoes
  Menkaure (D:6)
  27 nagas
  4 wargs
  21 swamp worms
  3 acid dragons
  25 water moccasins
  A sky beast (D:7)
  14 swamp drakes
  40 orc warriors
  3 black bears
  8 ogres
  25 wolves
  14 centaurs
  3 kobold brigands
  2 necrophages
  18 bullfrogs
  2 scorpions (D:6)
  2 gnoll sergeants
  7 wights
  47 killer bees
  6 electric eels
  6 howler monkeys
  4 crimson imps (D:14)
  4 hounds (D:5)
  A jelly (D:5)
  2 gnoll boudas
  21 orc priests
  Terence (D:2)
  5 iguanas
  36 orc wizards
  Robin (D:4)
  22 gnolls
  8 adders
  A river rat (Lair:4)
  2 shadow imps (D:7)
  5 white imps
  An ufetubus (D:5)
  4 dart slugs
  89 orcs
  8 ball pythons
  5 bats
  7 endoplasms
  6 giant cockroaches
  18 goblins
  11 hobgoblins
  5 jackals
  5 quokkas
  2 frilled lizards
  19 kobolds
  8 rats
  2 briar patches (Swamp:1)
1085 creatures vanquished.

Vanquished Creatures (others)
  An ugly thing (D:15)
  4 bloated husks
  A floating eye (shapeshifter) (D:12)
  A briar patch (Swamp:1)
  6 foxfires
  25 fungi
  124 plants
162 creatures vanquished.

Grand Total: 1247 creatures vanquished

Notes
Turn   | Place    | Note
-------+----------+-------------------------------------------
     0 | D:1      | qw the Gargoyle Fighter began the quest for the Orb.
     0 | D:1      | Reached XP level 1. HP: 14/14 MP: 1/1
     0 | D:1      | 0 ||| qw: Version: 0.2-a-17-g06abaee
     0 | D:1      | 0 ||| qw: Game counter: 2177
     0 | D:1      | 0 ||| qw: Always use a shield: true
     0 | D:1      | 0 ||| qw: God list: Okawaru
     0 | D:1      | 0 ||| qw: Allow faded altars: false
     0 | D:1      | 0 ||| qw: Do Orc after D:15 true
     0 | D:1      | 0 ||| qw: Do second Lair branch before Depths: true
     0 | D:1      | 0 ||| qw: Lair rune preference: random
     0 | D:1      | 0 ||| qw: Plans: Normal, Zot:1-4, God:TSO, Crypt, Tomb,
                  | Pan, Slime:5, Hells, Abyss, Orb
     0 | D:1      | 0 ||| PLANNING D:1-11
    35 | D:1      | Reached skill level 2 in Axes
   118 | D:1      | Reached XP level 2. HP: 19/19 MP: 2/2
   338 | D:1      | Reached skill level 3 in Axes
   360 | D:1      | Reached XP level 3. HP: 23/23 MP: 3/3
   383 | D:1      | 383 ||| DROPPING +0 club.
   703 | D:1      | 703 ||| UPGRADING to +0 cloak.
   708 | D:1      | 708 ||| READING scroll labelled BEUXZESS XAEV.
   711 | D:1      | 711 ||| READING scroll labelled TIPHOCKA OSIA.
   712 | D:1      | 712 ||| READING 2 scrolls labelled FAMUR QUMEBRE.
   713 | D:1      | 713 ||| READING scroll labelled PILUVV RAISUA.
   714 | D:1      | 714 ||| READING scroll labelled KAYCUJIUME.
   715 | D:1      | 715 ||| DRINKING 2 sedimented blue potions.
   716 | D:1      | 716 ||| DROPPING scroll of immolation.
   748 | D:2      | 748 ||| STAIRDANCE
   768 | D:2      | 768 ||| STAIRDANCE
   830 | D:2      | Noticed Terence
   837 | D:2      | Killed Terence
   838 | D:2      | Reached skill level 4 in Axes
   838 | D:2      | Reached XP level 4. HP: 12/28 MP: 4/4
   862 | D:2      | 862 ||| FLEEEEING.
   863 | D:2      | 863 ||| FLEEEEING.
   864 | D:2      | 864 ||| FLEEEEING.
   865 | D:2      | 865 ||| FLEEEEING.
   866 | D:2      | 866 ||| FLEEEEING.
   867 | D:2      | 867 ||| STAIRDANCE
   917 | D:2      | Found a faded altar of an unknown god.
   918 | D:2      | 918 ||| DROPPING +0 mace.
  1005 | D:2      | Found Kicseg's Jewellery Shop.
  1010 | D:2      | 1010 ||| SHOPLISTING +4 ring of protection (360 gold, have
                  | 65).
  1010 | D:2      | 1010 ||| SHOPLISTING amulet of the acrobat (300 gold, have
                  | 65).
  1010 | D:2      | 1010 ||| SHOPLISTING ring of positive energy (200 gold,
                  | have 65).
  1010 | D:2      | 1010 ||| SHOPLISTING ring of protection from cold (250
                  | gold, have 65).
  1010 | D:2      | 1010 ||| SHOPLISTING ring of protection from fire (250
                  | gold, have 65).
  1010 | D:2      | 1010 ||| SHOPLISTING ring of resist corrosion (200 gold,
                  | have 65).
  1010 | D:2      | 1010 ||| SHOPLISTING ring of willpower (250 gold, have 65).
  1238 | D:2      | 1238 ||| Stepping ~*~*~tactically~*~*~ (stealth).
  1239 | D:2      | 1239 ||| Stepping ~*~*~tactically~*~*~ (stealth).
  1412 | D:2      | 1412 ||| UPGRADING to +0 plate armour.
  1422 | D:2      | 1422 ||| DROPPING +0 scale mail.
  1423 | D:2      | 1423 ||| READING scroll labelled TEMEXIUTR JUUSS.
  1424 | D:2      | 1424 ||| READING scroll labelled IRITEQ MITUAFO.
  1542 | D:3      | 1542 ||| Stepping ~*~*~tactically~*~*~ (hiding).
  1867 | D:3      | Reached XP level 5. HP: 32/32 MP: 5/5
  1887 | D:3      | 1887 ||| SWAPPING to +2 broad axe of venom.
  1888 | D:3      | 1888 ||| DROPPING +1 war axe.
  1951 | D:3      | 1951 ||| DROPPING +0 flail.
  2048 | D:3      | Noticed Grinder
  2055 | D:3      | Paralysed by Grinder for 2 turns
  2059 | D:3      | Killed Grinder
  2060 | D:3      | Reached skill level 3 in Throwing
  2060 | D:3      | Reached XP level 6. HP: 37/37 MP: 6/6
  2170 | D:3      | 2170 ||| Stepping ~*~*~tactically~*~*~ (stealth).
  2181 | D:3      | 2181 ||| Stepping ~*~*~tactically~*~*~ (stealth).
  2182 | D:3      | 2182 ||| Stepping ~*~*~tactically~*~*~ (stealth).
  2291 | D:3      | 2291 ||| READING scroll labelled XISAYTU QIOPIE.
  2292 | D:3      | 2292 ||| READING scroll labelled DINYEMM PAIMP.
  2293 | D:3      | 2293 ||| DRINKING 2 sedimented dark potions.
  2294 | D:3      | 2294 ||| READING 3 scrolls of identify.
  2294 | D:3      | 2294 ||| IDENTIFYING ruby potion
  2295 | D:3      | 2295 ||| READING 2 scrolls of identify.
  2295 | D:3      | 2295 ||| IDENTIFYING sapphire potion
  2296 | D:3      | 2296 ||| DROPPING potion of brilliance.
  2297 | D:3      | 2297 ||| Stepping randomly (stuck).
  2298 | D:3      | 2298 ||| Stepping randomly (stuck).
  2299 | D:3      | 2299 ||| Stepping randomly (stuck).
  2495 | D:3      | Found a runed translucent door.
  2496 | D:3      | Noticed Crazy Yiuf
  2573 | D:4      | 2573 ||| Stepping ~*~*~tactically~*~*~ (stealth).
  2576 | D:4      | 2576 ||| Stepping ~*~*~tactically~*~*~ (stealth).
  2577 | D:4      | 2577 ||| Stepping ~*~*~tactically~*~*~ (stealth).
  2581 | D:4      | Reached skill level 5 in Axes
  2639 | D:4      | Reached XP level 7. HP: 34/44 MP: 7/7
  2814 | D:4      | 2814 ||| Stepping ~*~*~tactically~*~*~ (stealth).
  2816 | D:4      | 2816 ||| Stepping ~*~*~tactically~*~*~ (stealth).
  2816 | D:4      | Noticed Robin
  2817 | D:4      | 2817 ||| Stepping ~*~*~tactically~*~*~ (hiding).
  2818 | D:4      | 2818 ||| Stepping ~*~*~tactically~*~*~ (hiding).
  2820 | D:4      | 2820 ||| Stepping ~*~*~tactically~*~*~ (hiding).
  2829 | D:4      | Killed Robin
  2904 | D:4      | 2904 ||| Stepping ~*~*~tactically~*~*~ (hiding).
  2905 | D:4      | 2905 ||| Stepping ~*~*~tactically~*~*~ (hiding).
  2907 | D:4      | 2907 ||| Stepping ~*~*~tactically~*~*~ (hiding).
  3025 | D:4      | 3025 ||| Stepping ~*~*~tactically~*~*~ (hiding).
  3027 | D:4      | 3027 ||| Stepping ~*~*~tactically~*~*~ (hiding).
  3249 | D:4      | Found a staircase to the Ecumenical Temple.
  3250 | D:4      | 3250 ||| PLANNING TEMPLE
  3250 | D:4      | 3250 ||| UPGRADING to +0 helmet.
  3255 | D:4      | 3255 ||| UPGRADING to +6 ring of dexterity.
  3265 | Temple   | Entered the Ecumenical Temple
  3275 | Temple   | 3275 ||| PLANNING OKAWARU WORSHIP
  3282 | Temple   | Became a worshipper of Warmaster Okawaru
  3283 | Temple   | 3283 ||| PLANNING D:1-11
  3436 | D:5      | Entered Level 5 of the Dungeon
  3505 | D:5      | 3505 ||| READING scroll of enchant armour.
  3505 | D:5      | 3505 ||| ENCHANTING +0 helmet.
  3529 | D:5      | Reached skill level 1 in Dodging
  3555 | D:5      | 3555 ||| DRINKING 3 potions of curing.
  3555 | D:5      | 3555 ||| (to cure confusion)
  3714 | D:5      | Reached skill level 6 in Axes
  3761 | D:5      | 3761 ||| READING scroll of enchant weapon.
  3761 | D:5      | 3761 ||| ENCHANTING +2 broad axe of venom.
  3982 | D:5      | 3982 ||| Stepping ~*~*~tactically~*~*~ (stealth).
  3987 | D:5      | Reached * piety under Okawaru
  3988 | D:5      | Reached XP level 8. HP: 48/48 MP: 8/8
  3988 | D:5      | 3988 ||| DRINKING 2 potions of curing.
  3988 | D:5      | 3988 ||| (to cure confusion)
  4280 | D:5      | Reached skill level 1 in Invocations
  4332 | D:5      | 4332 ||| INVOKING Heroism.
  4373 | D:5      | 4373 ||| READING scroll labelled YWIRYANGITRY.
  4374 | D:5      | 4374 ||| READING 2 scrolls of identify.
  4374 | D:5      | 4374 ||| IDENTIFYING silvery potion
  4546 | D:6      | 4546 ||| Stepping ~*~*~tactically~*~*~ (hiding).
  4582 | D:6      | 4582 ||| Stepping ~*~*~tactically~*~*~ (stealth).
  4587 | D:6      | 4587 ||| Stepping ~*~*~tactically~*~*~ (hiding).
  4590 | D:6      | 4590 ||| FLEEEEING.
  4591 | D:6      | 4591 ||| FLEEEEING.
  4592 | D:6      | 4592 ||| FLEEEEING.
  4593 | D:6      | 4593 ||| FLEEEEING.
  4594 | D:6      | 4594 ||| FLEEEEING.
  4595 | D:6      | 4595 ||| FLEEEEING.
  4596 | D:6      | 4596 ||| FLEEEEING.
  4597 | D:6      | 4597 ||| FLEEEEING.
  4598 | D:6      | 4598 ||| FLEEEEING.
  4599 | D:6      | 4599 ||| FLEEEEING.
  4600 | D:6      | 4600 ||| FLEEEEING.
  4601 | D:6      | 4601 ||| FLEEEEING.
  4602 | D:6      | 4602 ||| FLEEEEING.
  4603 | D:6      | 4603 ||| FLEEEEING.
  4604 | D:6      | 4604 ||| FLEEEEING.
  4605 | D:6      | 4605 ||| FLEEEEING.
  4606 | D:6      | 4606 ||| FLEEEEING.
  4607 | D:6      | 4607 ||| Stepping ~*~*~tactically~*~*~ (hiding).
  4659 | D:6      | 4659 ||| INVOKING Heroism.
  4670 | D:6      | HP: 12/48 [gnoll sergeant/+3 spear (5)]
  4671 | D:6      | 4671 ||| READING 2 scrolls of teleportation.
  4674 | D:6      | Reached skill level 3 in Invocations
  4676 | D:6      | 4676 ||| INVOKING Heroism.
  4830 | D:6      | Noticed Menkaure
  4831 | D:6      | 4831 ||| INVOKING Heroism.
  4836 | D:6      | Killed Menkaure
  4837 | D:6      | Reached skill level 7 in Axes
  4874 | D:6      | 4874 ||| DRINKING potion of curing.
  4874 | D:6      | 4874 ||| (to cure confusion)
  4931 | D:6      | 4931 ||| INVOKING Heroism.
  5013 | D:6      | 5013 ||| Stepping ~*~*~tactically~*~*~ (hiding).
  5036 | D:6      | 5036 ||| Stepping ~*~*~tactically~*~*~ (stealth).
  5044 | D:6      | Reached XP level 9. HP: 44/54 MP: 12/12
  5044 | D:6      | 5044 ||| FLEEEEING.
  5086 | D:6      | 5086 ||| Stepping ~*~*~tactically~*~*~ (stealth).
  5087 | D:6      | 5087 ||| Stepping ~*~*~tactically~*~*~ (stealth).
  5088 | D:6      | 5088 ||| Stepping ~*~*~tactically~*~*~ (stealth).
  5249 | D:6      | 5249 ||| Stepping ~*~*~tactically~*~*~ (stealth).
  5250 | D:6      | 5250 ||| Stepping ~*~*~tactically~*~*~ (stealth).
  5256 | D:6      | Reached skill level 8 in Axes
  5498 | D:6      | 5498 ||| UPGRADING to +0 kite shield.
  5508 | D:6      | 5508 ||| DROPPING +0 buckler.
  5509 | D:6      | 5509 ||| DROPPING ring of wizardry.
  5510 | D:6      | 5510 ||| READING scroll labelled ZUIREI YTWUU.
  5510 | D:6      | Identified a scroll of acquirement
  5510 | D:6      | 5510 ||| ACQUIRING +2 pair of boots of flying
  5510 | D:6      | Acquired a +2 pair of boots of flying
  5512 | D:6      | 5512 ||| UPGRADING to +2 pair of boots of flying.
  5517 | D:6      | 5517 ||| DRINKING 2 grey potions.
  5518 | D:6      | 5518 ||| READING 2 scrolls of identify.
  5518 | D:6      | 5518 ||| IDENTIFYING glowing coppery potion
  5519 | D:6      | 5519 ||| DROPPING potion of degeneration.
  5582 | D:7      | Reached ** piety under Okawaru
  5595 | D:7      | 5595 ||| Stepping ~*~*~tactically~*~*~ (hiding).
  5617 | D:7      | 5617 ||| INVOKING Heroism.
  5636 | D:7      | Reached skill level 6 in Shields
  5762 | D:7      | 5762 ||| Stepping ~*~*~tactically~*~*~ (stealth).
  5763 | D:7      | 5763 ||| INVOKING Heroism.
  5786 | D:7      | 5786 ||| Stepping ~*~*~tactically~*~*~ (hiding).
  5791 | D:7      | 5791 ||| INVOKING Heroism.
  5834 | D:7      | 5834 ||| Stepping ~*~*~tactically~*~*~ (stealth).
  5836 | D:7      | 5836 ||| Stepping ~*~*~tactically~*~*~ (hiding).
  5865 | D:7      | 5865 ||| INVOKING Heroism.
  6112 | D:7      | 6112 ||| Stepping ~*~*~tactically~*~*~ (stealth).
  6114 | D:7      | 6114 ||| Stepping ~*~*~tactically~*~*~ (hiding).
  6117 | D:7      | 6117 ||| INVOKING Heroism.
  6132 | D:7      | Reached skill level 6 in Fighting
  6137 | D:7      | 6137 ||| INVOKING Heroism.
  6455 | D:7      | 6455 ||| Stepping ~*~*~tactically~*~*~ (hiding).
  6499 | D:7      | Reached *** piety under Okawaru
  6500 | D:7      | Reached XP level 10. HP: 57/60 MP: 13/13
  6597 | D:7      | 6597 ||| READING scroll labelled OPLIFACHOMM.
  6598 | D:7      | 6598 ||| READING scroll labelled VUOHUIR ROAFEO.
  6640 | D:7      | 6640 ||| READING scroll labelled EHYOSM METHRA.
  6741 | D:7      | 6741 ||| READING 2 scrolls of identify.
  6741 | D:7      | 6741 ||| IDENTIFYING lumpy ruby potion
  6742 | D:7      | 6742 ||| DROPPING potion of berserk rage.
  6770 | D:8      | 6770 ||| INVOKING Heroism.
  6775 | D:8      | 6775 ||| STAIRDANCE
  6795 | D:8      | 6795 ||| INVOKING Heroism.
  6960 | D:8      | Found a staircase to the Lair.
  6961 | D:8      | 6961 ||| Stepping ~*~*~tactically~*~*~ (hiding).
  6962 | D:8      | 6962 ||| INVOKING Heroism.
  6983 | D:8      | Reached skill level 9 in Axes
  6983 | D:8      | 6983 ||| INVOKING Heroism.
  6988 | D:8      | Received a gift from Okawaru
  7085 | D:8      | Noticed a manticore
  7086 | D:8      | 7086 ||| INVOKING Heroism.
  7092 | D:8      | Killed a manticore
  7093 | D:8      | Reached skill level 6 in Armour
  7204 | D:8      | 7204 ||| Stepping ~*~*~tactically~*~*~ (stealth).
  7206 | D:8      | 7206 ||| Stepping ~*~*~tactically~*~*~ (hiding).
  7208 | D:8      | 7208 ||| INVOKING Heroism.
  7258 | D:8      | 7258 ||| INVOKING Heroism.
  7259 | D:8      | 7259 ||| Stepping ~*~*~tactically~*~*~ (stealth).
  7278 | D:8      | Noticed a two-headed ogre
  7292 | D:8      | 7292 ||| INVOKING Heroism.
  7460 | D:8      | 7460 ||| Stepping ~*~*~tactically~*~*~ (hiding).
  7562 | D:8      | 7562 ||| INVOKING Heroism.
  7568 | D:8      | Killed a two-headed ogre
  7568 | D:8      | Reached **** piety under Okawaru
  7692 | D:8      | 7692 ||| Stepping ~*~*~tactically~*~*~ (stealth).
  7696 | D:8      | 7696 ||| Stepping ~*~*~tactically~*~*~ (hiding).
  8035 | D:8      | 8035 ||| PLANNING LAIR
  8035 | D:8      | 8035 ||| DROPPING ring of magical power.
  8036 | D:8      | 8036 ||| READING 2 scrolls of identify.
  8036 | D:8      | 8036 ||| IDENTIFYING purple potion
  8037 | D:8      | 8037 ||| DROPPING potion of flight.
  8045 | Lair:1   | Entered Level 1 of the Lair of Beasts
  8063 | Lair:1   | Noticed a cane toad
  8064 | Lair:1   | 8064 ||| INVOKING Heroism.
  8071 | Lair:1   | Killed a cane toad
  8114 | Lair:1   | Found a dark tunnel.
  8148 | Lair:1   | 8148 ||| Stepping ~*~*~tactically~*~*~ (stealth).
  8379 | Lair:1   | Noticed a cane toad
  8380 | Lair:1   | 8380 ||| Stepping ~*~*~tactically~*~*~ (stealth).
  8381 | Lair:1   | 8381 ||| Stepping ~*~*~tactically~*~*~ (stealth).
  8382 | Lair:1   | 8382 ||| INVOKING Heroism.
  8387 | Lair:1   | Killed a cane toad
  8388 | Lair:1   | Reached skill level 9 in Shields
  8388 | Lair:1   | Reached XP level 11. HP: 65/68 MP: 11/15
  8509 | Lair:1   | 8509 ||| READING scroll of enchant armour.
  8509 | Lair:1   | 8509 ||| ENCHANTING +1 helmet.
  8580 | Lair:1   | 8580 ||| Stepping ~*~*~tactically~*~*~ (hiding).
  8599 | Lair:1   | 8599 ||| UPGRADING to ring of willpower.
  8600 | Lair:1   | 8600 ||| READING scroll labelled TISTICR NOGIDD.
  8601 | Lair:1   | 8601 ||| READING 3 scrolls of identify.
  8601 | Lair:1   | 8601 ||| IDENTIFYING dark potion
  8645 | Lair:2   | 8645 ||| PLANNING GAUNTLET
  8645 | Lair:2   | 8645 ||| INVOKING Heroism.
  8651 | Lair:2   | Reached skill level 6 in Invocations
  8731 | Lair:2   | 8731 ||| INVOKING Heroism.
  8808 | Lair:2   | Found a gate leading to a gauntlet.
  8809 | Lair:2   | 8809 ||| INVOKING Heroism.
  8843 | Gauntlet | Entered a Gauntlet
  8843 | Gauntlet | Found a transporter.
  8843 | Gauntlet | Found a transporter.
  8843 | Gauntlet | Found a transporter.
  8847 | Gauntlet | Found a transporter.
  8847 | Gauntlet | Found a transporter.
  8847 | Gauntlet | Found a transporter.
  8849 | Gauntlet | Found a large runed translucent door.
  8850 | Gauntlet | Found a large runed translucent door.
  8851 | Gauntlet | Found a large runed translucent door.
  8851 | Gauntlet | Found a large runed translucent door.
  8851 | Gauntlet | Found a runed translucent door.
  8852 | Gauntlet | Found a large runed translucent door.
  8853 | Gauntlet | Found a large runed translucent door.
  8854 | Gauntlet | Found a large runed translucent door.
  8854 | Gauntlet | Found a large runed translucent door.
  8855 | Gauntlet | Found a runed translucent gate.
  8859 | Gauntlet | Found a transporter.
  8861 | Gauntlet | Found a transporter.
  8866 | Gauntlet | Noticed an entropy weaver
  8867 | Gauntlet | Noticed a purple ugly thing
  8868 | Gauntlet | Noticed a glowing orange brain
  8872 | Gauntlet | Noticed a glowing orange brain
  8873 | Gauntlet | Found a transporter.
  8965 | Gauntlet | Found a large runed translucent door.
  8966 | Gauntlet | Found a large runed translucent door.
  8967 | Gauntlet | Found a large runed translucent door.
  8967 | Gauntlet | Found a large runed translucent door.
  8967 | Gauntlet | Found a runed translucent door.
  8968 | Gauntlet | Found a large runed translucent door.
  8969 | Gauntlet | Found a large runed translucent door.
  8970 | Gauntlet | Found a large runed translucent door.
  8970 | Gauntlet | Found a large runed translucent door.
  8971 | Gauntlet | Found a runed translucent gate.
  8971 | Gauntlet | Found a runed translucent gate.
  8973 | Gauntlet | Found a transporter.
  8977 | Gauntlet | Found a transporter.
  8993 | Gauntlet | Found a transporter.
  9018 | Gauntlet | Noticed a wolf spider
  9023 | Gauntlet | a wolf spider changed into a spark wasp
  9023 | Gauntlet | Noticed a spark wasp (shapeshifter)
  9033 | Gauntlet | a spark wasp changed into a slime creature
  9055 | Gauntlet | 9055 ||| INVOKING Heroism.
  9106 | Gauntlet | Identified the ring of Satabb {EV+4 Slay+6}
  9108 | Gauntlet | 9108 ||| UPGRADING to ring of Satabb {EV+4 Slay+6}.
  9110 | Gauntlet | 9110 ||| UPGRADING to +6 ring of dexterity.
  9112 | Gauntlet | 9112 ||| DROPPING ring of willpower.
  9118 | Gauntlet | 9118 ||| Stepping ~*~*~tactically~*~*~ (stealth).
  9119 | Gauntlet | 9119 ||| INVOKING Heroism.
  9120 | Gauntlet | Noticed a fire crab
  9126 | Gauntlet | 9126 ||| Stepping ~*~*~tactically~*~*~ (cloud).
  9126 | Gauntlet | Killed a fire crab
  9126 | Gauntlet | Reached ***** piety under Okawaru
  9127 | Gauntlet | Reached skill level 10 in Axes
  9213 | Gauntlet | 9213 ||| UPGRADING to +2 chain mail of cold resistance.
  9246 | Gauntlet | 9246 ||| INVOKING Finesse.
  9263 | Gauntlet | 9263 ||| INVOKING Heroism.
  9264 | Gauntlet | Killed an entropy weaver
  9379 | Gauntlet | Identified the ring "Liluidytz" {Str+6 Int+3}
  9381 | Gauntlet | 9381 ||| UPGRADING to ring "Liluidytz" {Str+6 Int+3}.
  9383 | Gauntlet | 9383 ||| DROPPING +6 ring of dexterity.
  9384 | Gauntlet | 9384 ||| READING scroll labelled XAKHLE HUEJUXEI.
  9396 | Gauntlet | Noticed a minotaur
  9397 | Gauntlet | 9397 ||| INVOKING Heroism.
  9398 | Gauntlet | 9398 ||| INVOKING Finesse.
  9413 | Gauntlet | Killed a minotaur
  9413 | Gauntlet | Identified the +2 hat of Koqo {rN+ rCorr Int+3} (Okawaru
                  | gifted it to you in a Gauntlet)
  9413 | Gauntlet | Received a gift from Okawaru
  9550 | Gauntlet | 9550 ||| DROPPING +0 morningstar.
  9572 | Gauntlet | 9572 ||| DROPPING +0 pair of boots of stealth.
  9573 | Gauntlet | 9573 ||| UPGRADING to ring of see invisible.
  9586 | Lair:2   | 9586 ||| PLANNING LAIR
  9592 | Lair:2   | 9592 ||| INVOKING Heroism.
  9797 | Lair:2   | 9797 ||| Stepping ~*~*~tactically~*~*~ (stealth).
  9804 | Lair:2   | Reached skill level 9 in Invocations
  9832 | Lair:2   | Found a runed translucent door.
  9966 | Lair:2   | 9966 ||| INVOKING Heroism.
 10083 | Lair:2   | Found a runed translucent gate.
 10083 | Lair:2   | Found a runed translucent gate.
 10084 | Lair:2   | Found a runed translucent gate.
 10085 | Lair:2   | Noticed a spectral death yak
 10086 | Lair:2   | Noticed a spectral death yak
 10086 | Lair:2   | Noticed Suk Xiy's ghost (journeyman DrTm)
 10091 | Lair:2   | Reached XP level 12. HP: 73/73 MP: 19/19
 10119 | Lair:2   | Noticed a seven-headed hydra
 10120 | Lair:2   | 10120 ||| INVOKING Heroism.
 10121 | Lair:2   | 10121 ||| INVOKING Finesse.
 10122 | Lair:2   | 10122 ||| SWAPPING to +0 morningstar of protection.
 10131 | Lair:2   | Killed a seven-headed hydra
 10132 | Lair:2   | 10132 ||| SWAPPING to +3 broad axe of venom.
 10248 | Lair:2   | Reached skill level 11 in Axes
 10519 | Lair:2   | 10519 ||| INVOKING Heroism.
 10534 | Lair:2   | Found a staircase to the Swamp.
 10689 | Lair:3   | 10689 ||| INVOKING Heroism.
 10733 | Lair:3   | Found a staircase to the Snake Pit.
 10742 | Lair:3   | 10742 ||| Stepping ~*~*~tactically~*~*~ (hiding).
 10745 | Lair:3   | 10745 ||| Stepping ~*~*~tactically~*~*~ (hiding).
 10752 | Lair:3   | 10752 ||| INVOKING Heroism.
 10994 | Lair:3   | 10994 ||| INVOKING Heroism.
 11065 | Lair:3   | Reached skill level 9 in Fighting
 11122 | Lair:3   | 11122 ||| READING scroll of enchant weapon.
 11122 | Lair:3   | 11122 ||| ENCHANTING +3 broad axe of venom.
 11759 | Lair:4   | 11759 ||| INVOKING Heroism.
 11763 | Lair:4   | 11763 ||| STAIRDANCE
 11789 | Lair:4   | 11789 ||| STAIRDANCE
 11792 | Lair:3   | Received a gift from Okawaru
 11801 | Lair:4   | 11801 ||| STAIRDANCE
 11803 | Lair:3   | 11803 ||| INVOKING Heroism.
 11930 | Lair:4   | 11930 ||| Stepping ~*~*~tactically~*~*~ (stealth).
 11932 | Lair:4   | 11932 ||| INVOKING Heroism.
 11938 | Lair:4   | 11938 ||| Stepping ~*~*~tactically~*~*~ (hiding).
 11951 | Lair:4   | Received a gift from Okawaru
 11954 | Lair:4   | Reached skill level 12 in Axes
 11954 | Lair:4   | 11954 ||| Stepping ~*~*~tactically~*~*~ (hiding).
 11957 | Lair:4   | 11957 ||| Stepping ~*~*~tactically~*~*~ (stealth).
 11963 | Lair:4   | 11963 ||| Stepping randomly (cloudy).
 11965 | Lair:4   | 11965 ||| Stepping ~*~*~tactically~*~*~ (stealth).
 11970 | Lair:4   | 11970 ||| Stepping ~*~*~tactically~*~*~ (stealth).
 11971 | Lair:4   | 11971 ||| Stepping ~*~*~tactically~*~*~ (hiding).
 11976 | Lair:4   | 11976 ||| INVOKING Heroism.
 11984 | Lair:4   | 11984 ||| Stepping ~*~*~tactically~*~*~ (stealth).
 11987 | Lair:4   | 11987 ||| Stepping ~*~*~tactically~*~*~ (stealth).
 11992 | Lair:4   | 11992 ||| Stepping ~*~*~tactically~*~*~ (stealth).
 12000 | Lair:4   | 12000 ||| Stepping ~*~*~tactically~*~*~ (cloud).
 12078 | Lair:4   | 12078 ||| Stepping ~*~*~tactically~*~*~ (stealth).
 12106 | Lair:4   | Reached XP level 13. HP: 80/80 MP: 20/20
 12108 | Lair:4   | 12108 ||| Stepping ~*~*~tactically~*~*~ (stealth).
 12136 | Lair:4   | 12136 ||| INVOKING Heroism.
 12137 | Lair:4   | 12137 ||| INVOKING Finesse.
 12138 | Lair:4   | 12138 ||| Stepping ~*~*~tactically~*~*~ (stealth).
 12139 | Lair:4   | 12139 ||| Stepping ~*~*~tactically~*~*~ (stealth).
 12176 | Lair:4   | 12176 ||| Stepping ~*~*~tactically~*~*~ (stealth).
 12237 | Lair:4   | 12237 ||| Stepping ~*~*~tactically~*~*~ (stealth).
 12247 | Lair:4   | 12247 ||| INVOKING Heroism.
 12269 | Lair:4   | 12269 ||| INVOKING Heroism.
 12270 | Lair:4   | 12270 ||| INVOKING Finesse.
 12329 | Lair:4   | 12329 ||| Stepping ~*~*~tactically~*~*~ (stealth).
 12333 | Lair:4   | 12333 ||| Stepping ~*~*~tactically~*~*~ (stealth).
 12337 | Lair:4   | 12337 ||| Stepping ~*~*~tactically~*~*~ (stealth).
 12340 | Lair:4   | 12340 ||| Stepping ~*~*~tactically~*~*~ (stealth).
 12343 | Lair:4   | 12343 ||| FLEEEEING.
 12344 | Lair:4   | 12344 ||| INVOKING Heroism.
 12351 | Lair:4   | Received a gift from Okawaru
 12366 | Lair:4   | 12366 ||| Stepping ~*~*~tactically~*~*~ (stealth).
 12390 | Lair:4   | 12390 ||| Stepping ~*~*~tactically~*~*~ (stealth).
 12400 | Lair:4   | 12400 ||| Stepping ~*~*~tactically~*~*~ (stealth).
 12403 | Lair:4   | 12403 ||| INVOKING Heroism.
 12674 | Lair:4   | Found a staircase to the Slime Pits.
 12731 | Lair:4   | 12731 ||| INVOKING Heroism.
 12732 | Lair:4   | 12732 ||| SWAPPING to +0 morningstar of protection.
 12733 | Lair:4   | 12733 ||| INVOKING Finesse.
 12739 | Lair:4   | 12739 ||| SWAPPING to +4 broad axe of venom.
 13139 | Lair:4   | 13139 ||| READING scroll labelled TEUWUI DOFAF.
 13140 | Lair:4   | 13140 ||| DRINKING 3 fizzy yellow potions.
 13241 | Lair:4   | 13241 ||| DROPPING 2 potions of ambrosia.
 13256 | Lair:5   | Entered Level 5 of the Lair of Beasts
 13257 | Lair:5   | 13257 ||| INVOKING Heroism.
 13258 | Lair:5   | 13258 ||| SWAPPING to +0 morningstar of protection.
 13259 | Lair:5   | 13259 ||| INVOKING Finesse.
 13260 | Lair:5   | 13260 ||| STAIRDANCE
 13266 | Lair:4   | 13266 ||| SWAPPING to +4 broad axe of venom.
 13307 | Lair:5   | 13307 ||| INVOKING Finesse.
 13315 | Lair:5   | Reached skill level 13 in Axes
 13326 | Lair:5   | 13326 ||| INVOKING Heroism.
 13342 | Lair:5   | 13342 ||| SWAPPING to +0 morningstar of protection.
 13349 | Lair:5   | 13349 ||| SWAPPING to +4 broad axe of venom.
 13350 | Lair:5   | 13350 ||| Stepping ~*~*~tactically~*~*~ (stealth).
 13355 | Lair:5   | 13355 ||| INVOKING Heroism.
 13372 | Lair:5   | 13372 ||| Stepping ~*~*~tactically~*~*~ (stealth).
 13373 | Lair:5   | 13373 ||| Stepping ~*~*~tactically~*~*~ (stealth).
 13380 | Lair:5   | 13380 ||| Stepping ~*~*~tactically~*~*~ (stealth).
 13382 | Lair:5   | 13382 ||| Stepping ~*~*~tactically~*~*~ (stealth).
 13385 | Lair:5   | Received a gift from Okawaru
 13386 | Lair:5   | Reached skill level 14 in Axes
 13439 | Lair:5   | 13439 ||| Stepping ~*~*~tactically~*~*~ (stealth).
 13440 | Lair:5   | 13440 ||| Stepping ~*~*~tactically~*~*~ (stealth).
 13441 | Lair:5   | 13441 ||| Stepping ~*~*~tactically~*~*~ (stealth).
 13443 | Lair:5   | 13443 ||| INVOKING Heroism.
 13461 | Lair:5   | Reached skill level 9 in Armour
 13461 | Lair:5   | Gained mutation: Your large and strong wings let you fly.
                  | [Gargoyle growth]
 13461 | Lair:5   | Reached XP level 14. HP: 88/88 MP: 21/21
 13500 | Lair:5   | 13500 ||| READING scroll of brand weapon.
 13500 | Lair:5   | 13500 ||| BRANDING +4 broad axe of venom.
 13506 | Lair:5   | 13506 ||| Stepping ~*~*~tactically~*~*~ (stealth).
 13508 | Lair:5   | 13508 ||| INVOKING Heroism.
 13540 | Lair:5   | 13540 ||| Stepping ~*~*~tactically~*~*~ (stealth).
 13547 | Lair:5   | Identified the +4 ring mail "Fieser" {Str+7 Int+2 Slay-4}
                  | (Okawaru gifted it to you on level 5 of the Lair of Beasts)
 13547 | Lair:5   | Received a gift from Okawaru
 13558 | Lair:5   | 13558 ||| INVOKING Heroism.
 13615 | Lair:5   | 13615 ||| FLEEEEING.
 13616 | Lair:5   | 13616 ||| FLEEEEING.
 13623 | Lair:5   | 13623 ||| STAIRDANCE
 13636 | Lair:4   | 13636 ||| FLEEEEING.
 13637 | Lair:4   | 13637 ||| FLEEEEING.
 13696 | Lair:5   | 13696 ||| Stepping ~*~*~tactically~*~*~ (stealth).
 13698 | Lair:5   | 13698 ||| Stepping ~*~*~tactically~*~*~ (stealth).
 13699 | Lair:5   | 13699 ||| Stepping ~*~*~tactically~*~*~ (stealth).
 13700 | Lair:5   | 13700 ||| Stepping ~*~*~tactically~*~*~ (stealth).
 13701 | Lair:5   | 13701 ||| Stepping ~*~*~tactically~*~*~ (stealth).
 13702 | Lair:5   | 13702 ||| INVOKING Heroism.
 13704 | Lair:5   | 13704 ||| SWAPPING to +0 morningstar of protection.
 13705 | Lair:5   | 13705 ||| SWAPPING to +4 broad axe of chaos.
 13706 | Lair:5   | 13706 ||| Stepping ~*~*~tactically~*~*~ (stealth).
 13707 | Lair:5   | 13707 ||| SWAPPING to +0 morningstar of protection.
 13708 | Lair:5   | 13708 ||| INVOKING Finesse.
 13720 | Lair:5   | 13720 ||| SWAPPING to +4 broad axe of chaos.
 13796 | Lair:5   | 13796 ||| INVOKING Heroism.
 13908 | Lair:5   | 13908 ||| INVOKING Heroism.
 14085 | Lair:5   | 14085 ||| Stepping ~*~*~tactically~*~*~ (stealth).
 14086 | Lair:5   | 14086 ||| Stepping ~*~*~tactically~*~*~ (stealth).
 14091 | Lair:5   | 14091 ||| Stepping ~*~*~tactically~*~*~ (stealth).
 14102 | Lair:5   | 14102 ||| Stepping ~*~*~tactically~*~*~ (stealth).
 14106 | Lair:5   | 14106 ||| READING scroll of enchant weapon.
 14106 | Lair:5   | 14106 ||| ENCHANTING +4 broad axe of chaos.
 14129 | Lair:5   | 14129 ||| INVOKING Heroism.
 14154 | Lair:5   | 14154 ||| Stepping ~*~*~tactically~*~*~ (stealth).
 14221 | Lair:5   | 14221 ||| Stepping ~*~*~tactically~*~*~ (stealth).
 14237 | Lair:5   | Reached skill level 12 in Shields
 14309 | Lair:5   | 14309 ||| INVOKING Heroism.
 14310 | Lair:5   | 14310 ||| INVOKING Finesse.
 14312 | Lair:5   | 14312 ||| SWAPPING to +0 morningstar of protection.
 14318 | Lair:5   | 14318 ||| SWAPPING to +5 broad axe of chaos.
 14390 | Lair:5   | 14390 ||| INVOKING Heroism.
 14393 | Lair:5   | 14393 ||| SWAPPING to +0 morningstar of protection.
 14394 | Lair:5   | 14394 ||| INVOKING Finesse.
 14404 | Lair:5   | 14404 ||| SWAPPING to +5 broad axe of chaos.
 14492 | Lair:5   | 14492 ||| INVOKING Heroism.
 14501 | Lair:5   | Reached skill level 6 in Throwing
 14914 | Lair:5   | 14914 ||| PLANNING D:1-11
 14914 | Lair:5   | 14914 ||| UPGRADING to amulet of regeneration.
 14919 | Lair:5   | 14919 ||| READING 7 scrolls of identify.
 14919 | Lair:5   | 14919 ||| IDENTIFYING bubbling purple potion
 15060 | D:9      | 15060 ||| INVOKING Heroism.
 15062 | D:9      | 15062 ||| STAIRDANCE
 15073 | D:9      | 15073 ||| STAIRDANCE
 15081 | D:9      | 15081 ||| STAIRDANCE
 15092 | D:9      | 15092 ||| STAIRDANCE
 15102 | D:9      | 15102 ||| STAIRDANCE
 15434 | D:9      | Noticed Joseph
 15436 | D:9      | 15436 ||| FLEEEEING.
 15437 | D:9      | 15437 ||| FLEEEEING.
 15438 | D:9      | 15438 ||| Stepping ~*~*~tactically~*~*~ (hiding).
 15439 | D:9      | 15439 ||| Stepping ~*~*~tactically~*~*~ (hiding).
 15449 | D:9      | 15449 ||| INVOKING Heroism.
 15459 | D:9      | Killed Joseph
 15571 | D:9      | Found an iron altar of Okawaru.
 15572 | D:9      | 15572 ||| Stepping ~*~*~tactically~*~*~ (hiding).
 15598 | D:9      | 15598 ||| Stepping ~*~*~tactically~*~*~ (stealth).
 15600 | D:9      | 15600 ||| Stepping ~*~*~tactically~*~*~ (stealth).
 15604 | D:9      | 15604 ||| Stepping ~*~*~tactically~*~*~ (stealth).
 15605 | D:9      | 15605 ||| Stepping ~*~*~tactically~*~*~ (stealth).
 15607 | D:9      | 15607 ||| Stepping ~*~*~tactically~*~*~ (stealth).
 15609 | D:9      | 15609 ||| Stepping ~*~*~tactically~*~*~ (stealth).
 15610 | D:9      | 15610 ||| Stepping ~*~*~tactically~*~*~ (stealth).
 15611 | D:9      | 15611 ||| Stepping ~*~*~tactically~*~*~ (stealth).
 15613 | D:9      | 15613 ||| Stepping ~*~*~tactically~*~*~ (stealth).
 15614 | D:9      | 15614 ||| Stepping ~*~*~tactically~*~*~ (stealth).
 15618 | D:9      | Found a staircase to the Orcish Mines.
 15625 | D:9      | 15625 ||| Stepping ~*~*~tactically~*~*~ (stealth).
 15709 | D:9      | Noticed Grum
 15710 | D:9      | 15710 ||| INVOKING Heroism.
 15711 | D:9      | 15711 ||| INVOKING Finesse.
 15716 | D:9      | Killed Grum
 15765 | D:9      | Found a glowing silver altar of Zin.
 15765 | D:9      | Found a shimmering altar of Xom.
 15767 | D:9      | Found a blossoming altar of Fedhas.
 15771 | D:9      | Found a sacrificial altar of Ru.
 15771 | D:9      | Found a burning altar of Makhleb.
 15772 | D:9      | Found a hide-covered altar of Uskayaw.
 15773 | D:9      | Found an ancient bone altar of Kikubaaqudgha.
 15774 | D:9      | Found a glowing golden altar of the Shining One.
 15775 | D:9      | Found a shimmering blue altar of Sif Muna.
 15776 | D:9      | Found a broken altar of Ashenzari.
 15930 | D:10     | Entered Level 10 of the Dungeon
 16117 | D:10     | 16117 ||| INVOKING Heroism.
 16119 | D:10     | 16119 ||| Stepping ~*~*~tactically~*~*~ (hiding).
 16181 | D:10     | 16181 ||| INVOKING Heroism.
 16306 | D:10     | 16306 ||| INVOKING Heroism.
 16475 | D:11     | 16475 ||| STAIRDANCE
 16516 | D:11     | Noticed Snorg
 16517 | D:11     | 16517 ||| INVOKING Heroism.
 16518 | D:11     | 16518 ||| INVOKING Finesse.
 16527 | D:11     | Killed Snorg
 16583 | D:11     | Noticed Sonja
 16600 | D:11     | Killed Sonja
 16815 | D:11     | Found Zicherirch's Tremendous Tomes.
 16903 | D:11     | Reached skill level 15 in Axes
 16984 | D:11     | 16984 ||| INVOKING Heroism.
 17036 | D:11     | 17036 ||| INVOKING Heroism.
 17049 | D:11     | Received a gift from Okawaru
 17140 | D:11     | Noticed Harold
 17141 | D:11     | 17141 ||| Stepping ~*~*~tactically~*~*~ (hiding).
 17150 | D:11     | Killed Harold
 17238 | D:11     | 17238 ||| INVOKING Heroism.
 17327 | D:11     | Noticed Josephine
 17330 | D:11     | 17330 ||| INVOKING Heroism.
 17340 | D:11     | Killed Josephine
 17381 | D:11     | Reached skill level 12 in Fighting
 17388 | D:11     | Noticed Maurice
 17389 | D:11     | 17389 ||| Stepping ~*~*~tactically~*~*~ (hiding).
 17392 | D:11     | 17392 ||| Stepping ~*~*~tactically~*~*~ (hiding).
 17393 | D:11     | 17393 ||| Stepping ~*~*~tactically~*~*~ (hiding).
 17395 | D:11     | 17395 ||| Stepping ~*~*~tactically~*~*~ (hiding).
 17399 | D:11     | Killed Maurice
 17526 | D:11     | Found Melob's Book Shoppe.
 17582 | D:11     | 17582 ||| PLANNING D
 17625 | D:12     | 17625 ||| INVOKING Heroism.
 17697 | D:12     | Reached skill level 3 in Dodging
 17701 | D:12     | 17701 ||| Stepping ~*~*~tactically~*~*~ (stealth).
 17703 | D:12     | 17703 ||| Stepping ~*~*~tactically~*~*~ (stealth).
 17708 | D:12     | 17708 ||| READING 9 scrolls of teleportation.
 17709 | D:12     | 17709 ||| INVOKING Heroism.
 17724 | D:12     | 17724 ||| Stepping ~*~*~tactically~*~*~ (stealth).
 17727 | D:12     | 17727 ||| Stepping ~*~*~tactically~*~*~ (stealth).
 17728 | D:12     | 17728 ||| Stepping ~*~*~tactically~*~*~ (stealth).
 17832 | D:12     | Received a gift from Okawaru
 17848 | D:12     | Noticed Kirke
 17849 | D:12     | 17849 ||| Stepping ~*~*~tactically~*~*~ (stealth).
 17850 | D:12     | 17850 ||| Stepping ~*~*~tactically~*~*~ (stealth).
 17851 | D:12     | 17851 ||| INVOKING Heroism.
 17852 | D:12     | 17852 ||| INVOKING Finesse.
 17853 | D:12     | Noticed a sphinx
 17857 | D:12     | 17857 ||| DRINKING 5 potions of curing.
 17857 | D:12     | 17857 ||| (to cure confusion)
 17865 | D:12     | Killed Kirke
 17866 | D:12     | Reached XP level 15. HP: 96/96 MP: 15/22
 17932 | D:12     | Found a bloodstained altar of Trog.
 17932 | D:12     | Noticed Afrar's ghost (journeyman FoFi)
 17944 | D:12     | Found a transporter.
 17948 | D:12     | Found a transporter.
 18104 | D:12     | 18104 ||| INVOKING Heroism.
 18114 | D:12     | 18114 ||| Stepping ~*~*~tactically~*~*~ (hiding).
 18123 | D:12     | 18123 ||| Stepping ~*~*~tactically~*~*~ (hiding).
 18127 | D:12     | 18127 ||| SWAPPING to +0 morningstar of protection.
 18128 | D:12     | 18128 ||| INVOKING Finesse.
 18132 | D:12     | Received a gift from Okawaru
 18139 | D:12     | 18139 ||| SWAPPING to +5 broad axe of chaos.
 18184 | D:12     | 18184 ||| Stepping ~*~*~tactically~*~*~ (hiding).
 18186 | D:12     | 18186 ||| Stepping ~*~*~tactically~*~*~ (hiding).
 18282 | D:12     | 18282 ||| READING scroll of enchant weapon.
 18282 | D:12     | 18282 ||| ENCHANTING +5 broad axe of chaos.
 18283 | D:12     | 18283 ||| DROPPING +0 hat of intelligence.
 18284 | D:12     | 18284 ||| READING 8 scrolls of identify.
 18284 | D:12     | 18284 ||| IDENTIFYING blue potion
 18346 | D:13     | 18346 ||| Stepping ~*~*~tactically~*~*~ (hiding).
 18349 | D:13     | 18349 ||| INVOKING Heroism.
 18427 | D:13     | 18427 ||| Stepping ~*~*~tactically~*~*~ (hiding).
 18463 | D:13     | Received a gift from Okawaru
 18487 | D:13     | 18487 ||| Stepping ~*~*~tactically~*~*~ (stealth).
 18488 | D:13     | 18488 ||| Stepping ~*~*~tactically~*~*~ (stealth).
 18491 | D:13     | 18491 ||| INVOKING Heroism.
 18492 | D:13     | 18492 ||| SWAPPING to +0 morningstar of protection.
 18493 | D:13     | 18493 ||| INVOKING Finesse.
 18502 | D:13     | 18502 ||| SWAPPING to +6 broad axe of chaos.
 18571 | D:13     | 18571 ||| Stepping ~*~*~tactically~*~*~ (hiding).
 18580 | D:13     | 18580 ||| INVOKING Heroism.
 18835 | D:13     | Noticed Rupert
 18836 | D:13     | 18836 ||| INVOKING Heroism.
 18843 | D:13     | 18843 ||| DRINKING 4 potions of curing.
 18843 | D:13     | 18843 ||| (to cure confusion)
 18846 | D:13     | Killed Rupert
 18847 | D:13     | Reached skill level 16 in Axes
 18903 | D:13     | 18903 ||| Stepping ~*~*~tactically~*~*~ (hiding).
 19130 | D:13     | Found a sacrificial altar of Ru.
 19153 | D:14     | Found a gate to the Vaults.
 19154 | D:14     | 19154 ||| STAIRDANCE
 19161 | D:14     | 19161 ||| STAIRDANCE
 19163 | D:13     | 19163 ||| INVOKING Heroism.
 19178 | D:14     | 19178 ||| STAIRDANCE
 19193 | D:14     | 19193 ||| STAIRDANCE
 19205 | D:13     | Received a gift from Okawaru
 19215 | D:13     | 19215 ||| DROPPING +0 morningstar of holy wrath.
 19218 | D:14     | 19218 ||| STAIRDANCE
 19254 | D:14     | 19254 ||| INVOKING Heroism.
 19256 | D:14     | 19256 ||| STAIRDANCE
 19376 | D:14     | 19376 ||| Stepping ~*~*~tactically~*~*~ (hiding).
 19377 | D:14     | 19377 ||| INVOKING Heroism.
 19556 | D:14     | Found a shimmering altar of Xom.
 19559 | D:14     | 19559 ||| INVOKING Heroism.
 19567 | D:14     | 19567 ||| Stepping ~*~*~tactically~*~*~ (hiding).
 20046 | D:15     | Entered Level 15 of the Dungeon
 20050 | D:15     | 20050 ||| INVOKING Heroism.
 20060 | D:15     | 20060 ||| Stepping ~*~*~tactically~*~*~ (stealth).
 20122 | D:15     | 20122 ||| INVOKING Heroism.
 20137 | D:15     | 20137 ||| Stepping ~*~*~tactically~*~*~ (hiding).
 20285 | D:15     | 20285 ||| INVOKING Heroism.
 20293 | D:15     | Received a gift from Okawaru
 20339 | D:15     | 20339 ||| DROPPING +2 war axe of venom.
 20345 | D:15     | Found a staircase to the Depths.
 20438 | D:15     | Reached skill level 17 in Axes
 20439 | D:15     | 20439 ||| FLEEEEING.
 20440 | D:15     | 20440 ||| FLEEEEING.
 20442 | D:15     | 20442 ||| FLEEEEING.
 20443 | D:15     | 20443 ||| FLEEEEING.
 20444 | D:15     | 20444 ||| FLEEEEING.
 20456 | D:15     | 20456 ||| INVOKING Heroism.
 20604 | D:15     | 20604 ||| INVOKING Heroism.
 20606 | D:15     | Paralysed by an ogre mage for 2 turns
 20616 | D:15     | Reached XP level 16. HP: 88/103 MP: 21/23
 20674 | D:15     | 20674 ||| Stepping ~*~*~tactically~*~*~ (hiding).
 20676 | D:15     | 20676 ||| Stepping ~*~*~tactically~*~*~ (hiding).
 20677 | D:15     | 20677 ||| Stepping ~*~*~tactically~*~*~ (hiding).
 20980 | D:15     | 20980 ||| PLANNING ORC
 20980 | D:15     | 20980 ||| READING 9 scrolls of identify.
 20980 | D:15     | 20980 ||| IDENTIFYING green potion
 21151 | Orc:1    | Entered Level 1 of the Orcish Mines
 21179 | Orc:1    | 21179 ||| Stepping ~*~*~tactically~*~*~ (hiding).
 21181 | Orc:1    | 21181 ||| Stepping ~*~*~tactically~*~*~ (hiding).
 21182 | Orc:1    | 21182 ||| Stepping ~*~*~tactically~*~*~ (hiding).
 21210 | Orc:1    | 21210 ||| Stepping ~*~*~tactically~*~*~ (stealth).
 21212 | Orc:1    | 21212 ||| Stepping ~*~*~tactically~*~*~ (stealth).
 21214 | Orc:1    | 21214 ||| Stepping ~*~*~tactically~*~*~ (hiding).
 21278 | Orc:1    | 21278 ||| Stepping ~*~*~tactically~*~*~ (hiding).
 21283 | Orc:1    | 21283 ||| INVOKING Heroism.
 21315 | Orc:1    | 21315 ||| INVOKING Heroism.
 21333 | Orc:1    | 21333 ||| DROPPING +0 morningstar of protection.
 21344 | Orc:1    | You are sucked into a shaft and drop 1 floor!
 21344 | Orc:2    | Entered Level 2 of the Orcish Mines
 21390 | Orc:2    | 21390 ||| INVOKING Heroism.
 21391 | Orc:2    | 21391 ||| Stepping ~*~*~tactically~*~*~ (hiding).
 21393 | Orc:2    | 21393 ||| Stepping ~*~*~tactically~*~*~ (hiding).
 21518 | Orc:1    | Received a gift from Okawaru
 21613 | Orc:1    | 21613 ||| INVOKING Heroism.
 21657 | Orc:1    | 21657 ||| Stepping ~*~*~tactically~*~*~ (hiding).
 21659 | Orc:1    | 21659 ||| Stepping ~*~*~tactically~*~*~ (hiding).
 21681 | Orc:1    | 21681 ||| Stepping ~*~*~tactically~*~*~ (stealth).
 21684 | Orc:1    | 21684 ||| Stepping ~*~*~tactically~*~*~ (stealth).
 21687 | Orc:1    | 21687 ||| Stepping ~*~*~tactically~*~*~ (hiding).
 21706 | Orc:1    | 21706 ||| Stepping ~*~*~tactically~*~*~ (stealth).
 21710 | Orc:1    | 21710 ||| INVOKING Heroism.
 21835 | Orc:2    | Found a frozen archway.
 21836 | Orc:2    | 21836 ||| Stepping ~*~*~tactically~*~*~ (stealth).
 21851 | Orc:2    | 21851 ||| Stepping ~*~*~tactically~*~*~ (hiding).
 21858 | Orc:2    | 21858 ||| INVOKING Heroism.
 21963 | Orc:2    | Found Dycuqogg's Weapon Shoppe.
 22045 | Orc:2    | Identified the +5 kite shield of Starshine {rF+ rC+ Str+8
                  | Int-4} (Okawaru gifted it to you on level 2 of the Orcish
                  | Mines)
 22045 | Orc:2    | Received a gift from Okawaru
 22151 | Orc:2    | 22151 ||| INVOKING Heroism.
 22282 | Orc:2    | Found a staircase to the Elven Halls.
 22298 | Orc:2    | 22298 ||| DRINKING 3 potions of curing.
 22298 | Orc:2    | 22298 ||| (to cure confusion)
 22327 | Orc:2    | 22327 ||| Stepping ~*~*~tactically~*~*~ (stealth).
 22328 | Orc:2    | 22328 ||| Stepping ~*~*~tactically~*~*~ (stealth).
 22338 | Orc:2    | 22338 ||| Stepping ~*~*~tactically~*~*~ (hiding).
 22341 | Orc:2    | 22341 ||| Stepping ~*~*~tactically~*~*~ (hiding).
 22342 | Orc:2    | 22342 ||| Stepping ~*~*~tactically~*~*~ (hiding).
 22344 | Orc:2    | 22344 ||| INVOKING Heroism.
 22355 | Orc:2    | 22355 ||| INVOKING Finesse.
 22386 | Orc:2    | HP: 17/104 [orc warrior/+0 mace (18)]
 22387 | Orc:2    | 22387 ||| READING 10 scrolls of teleportation.
 22388 | Orc:2    | 22388 ||| DRINKING 5 potions of heal wounds.
 22393 | Orc:2    | HP: 22/104 [orc knight/+0 great sword (13)]
 22394 | Orc:2    | 22394 ||| DRINKING 4 potions of heal wounds.
 22501 | Orc:2    | 22501 ||| INVOKING Heroism.
 22545 | Orc:2    | 22545 ||| INVOKING Heroism.
 22584 | Orc:2    | 22584 ||| Stepping ~*~*~tactically~*~*~ (stealth).
 22603 | Orc:2    | 22603 ||| INVOKING Heroism.
 22654 | Orc:2    | Found Birur's General Store.
 22655 | Orc:2    | Found Cihas's Jewellery Emporium.
 22657 | Orc:2    | Found Exinkit's Antique Armour Shoppe.
 22657 | Orc:2    | Found Kiulud's Antique Weapon Shoppe.
 22661 | Orc:2    | 22661 ||| BUYING runed helmet (172 gold).
 22661 | Orc:2    | Bought a runed helmet for 172 gold pieces
 22661 | Orc:2    | 22661 ||| BUYING shiny chain mail (172 gold).
 22661 | Orc:2    | Bought a shiny chain mail for 172 gold pieces
 22661 | Orc:2    | 22661 ||| BUYING twisted chain mail (218 gold).
 22661 | Orc:2    | Bought a twisted chain mail for 218 gold pieces
 22661 | Orc:2    | Identified the +1 chain mail of Prudence {Str+7} (You
                  | bought it in a shop on level 2 of the Orcish Mines)
 22671 | Orc:2    | 22671 ||| BUYING potion of curing (33 gold).
 22671 | Orc:2    | Bought a potion of curing for 33 gold pieces
 22671 | Orc:2    | 22671 ||| BUYING scarf of repulsion (132 gold).
 22671 | Orc:2    | Bought a scarf of repulsion for 132 gold pieces
 22671 | Orc:2    | 22671 ||| BUYING scroll of teleportation (33 gold).
 22671 | Orc:2    | Bought a scroll of teleportation for 33 gold pieces
 22673 | Orc:2    | 22673 ||| BUYING ring of fire (400 gold).
 22673 | Orc:2    | Bought a ring of fire for 400 gold pieces
 22722 | Orc:2    | 22722 ||| INVOKING Heroism.
 22793 | Orc:2    | 22793 ||| INVOKING Heroism.
 22824 | Orc:2    | 22824 ||| PLANNING SWAMP:1-3
 22824 | Orc:2    | 22824 ||| DROPPING +0 plate armour.
 22825 | Orc:2    | 22825 ||| UPGRADING to +5 kite shield of Starshine {rF+ rC+
                  | Str+8 Int-4}.
 22835 | Orc:2    | 22835 ||| DROPPING +0 kite shield.
 22836 | Orc:2    | 22836 ||| DROPPING +2 helmet of intelligence.
 22837 | Orc:2    | 22837 ||| DROPPING +2 chain mail of cold resistance.
 22838 | Orc:2    | 22838 ||| UPGRADING to +1 chain mail of Prudence {Str+7}.
 22848 | Orc:2    | 22848 ||| UPGRADING to scarf of repulsion.
 23153 | Swamp:1  | Entered Level 1 of the Swamp
 23154 | Swamp:1  | 23154 ||| INVOKING Heroism.
 23158 | Swamp:1  | 23158 ||| Stepping ~*~*~tactically~*~*~ (hiding).
 23189 | Swamp:1  | 23189 ||| INVOKING Heroism.
 23194 | Swamp:1  | Reached skill level 18 in Axes
 23239 | Swamp:1  | Noticed a thorn hunter
 23240 | Swamp:1  | 23240 ||| INVOKING Finesse.
 23246 | Swamp:1  | 23246 ||| INVOKING Heroism.
 23254 | Swamp:1  | HP: 26/104 [thorn hunter (12)]
 23255 | Swamp:1  | 23255 ||| READING 10 scrolls of teleportation.
 23260 | Swamp:1  | Killed a thorn hunter
 23262 | Swamp:1  | 23262 ||| Stepping ~*~*~tactically~*~*~ (hiding).
 23263 | Swamp:1  | 23263 ||| Stepping ~*~*~tactically~*~*~ (hiding).
 23270 | Swamp:1  | 23270 ||| SWAPPING to +1 broad axe of flaming.
 23274 | Swamp:1  | 23274 ||| SWAPPING to +6 broad axe of chaos.
 23275 | Swamp:1  | 23275 ||| Stepping randomly (stuck).
 23279 | Swamp:1  | 23279 ||| Stepping ~*~*~tactically~*~*~ (hiding).
 23314 | Swamp:1  | Noticed Jorgrun
 23315 | Swamp:1  | 23315 ||| Stepping ~*~*~tactically~*~*~ (stealth).
 23349 | Swamp:1  | 23349 ||| INVOKING Heroism.
 23350 | Swamp:1  | 23350 ||| SWAPPING to +1 broad axe of flaming.
 23356 | Swamp:1  | 23356 ||| SWAPPING to +6 broad axe of chaos.
 23494 | Swamp:1  | 23494 ||| Stepping ~*~*~tactically~*~*~ (hiding).
 23500 | Swamp:1  | 23500 ||| INVOKING Heroism.
 23501 | Swamp:1  | 23501 ||| INVOKING Finesse.
 23503 | Swamp:1  | Banished Jorgrun
 23606 | Swamp:1  | 23606 ||| Stepping ~*~*~tactically~*~*~ (stealth).
 23607 | Swamp:1  | 23607 ||| INVOKING Heroism.
 23608 | Swamp:1  | 23608 ||| SWAPPING to +1 broad axe of flaming.
 23613 | Swamp:1  | 23613 ||| SWAPPING to +6 broad axe of chaos.
 23693 | Swamp:2  | 23693 ||| INVOKING Heroism.
 23697 | Swamp:2  | 23697 ||| SWAPPING to +1 broad axe of flaming.
 23706 | Swamp:2  | 23706 ||| SWAPPING to +6 broad axe of chaos.
 23721 | Swamp:2  | 23721 ||| INVOKING Finesse.
 23725 | Swamp:2  | 23725 ||| SWAPPING to +1 broad axe of flaming.
 23730 | Swamp:2  | HP: 25/104 [four-headed hydra (6)]
 23731 | Swamp:2  | 23731 ||| READING 10 scrolls of teleportation.
 23731 | Swamp:2  | HP: 10/104 [acid (9)]
 23732 | Swamp:2  | 23732 ||| DRINKING 3 potions of heal wounds.
 23733 | Swamp:2  | 23733 ||| SWAPPING to +6 broad axe of chaos.
 23744 | Swamp:2  | 23744 ||| INVOKING Heroism.
 23770 | Swamp:2  | 23770 ||| INVOKING Heroism.
 23792 | Swamp:2  | 23792 ||| Stepping ~*~*~tactically~*~*~ (stealth).
 23793 | Swamp:2  | 23793 ||| Stepping ~*~*~tactically~*~*~ (stealth).
 23806 | Swamp:2  | 23806 ||| Stepping ~*~*~tactically~*~*~ (stealth).
 23820 | Swamp:2  | 23820 ||| INVOKING Heroism.
 23821 | Swamp:2  | 23821 ||| SWAPPING to +1 broad axe of flaming.
 23825 | Swamp:2  | 23825 ||| SWAPPING to +6 broad axe of chaos.
 23851 | Swamp:2  | 23851 ||| Stepping ~*~*~tactically~*~*~ (stealth).
 23853 | Swamp:2  | 23853 ||| Stepping ~*~*~tactically~*~*~ (hiding).
 23972 | Swamp:2  | 23972 ||| Stepping ~*~*~tactically~*~*~ (stealth).
 23991 | Swamp:2  | 23991 ||| Stepping ~*~*~tactically~*~*~ (stealth).
 23995 | Swamp:2  | 23995 ||| INVOKING Heroism.
 23997 | Swamp:2  | 23997 ||| SWAPPING to +1 broad axe of flaming.
 23998 | Swamp:2  | 23998 ||| SWAPPING to +6 broad axe of chaos.
 24000 | Swamp:2  | 24000 ||| SWAPPING to +1 broad axe of flaming.
 24003 | Swamp:2  | Reached XP level 17. HP: 111/111 MP: 22/24
 24003 | Swamp:2  | 24003 ||| SWAPPING to +6 broad axe of chaos.
 24022 | Swamp:2  | 24022 ||| Stepping ~*~*~tactically~*~*~ (hiding).
 24310 | Swamp:3  | 24310 ||| STAIRDANCE
 24332 | Swamp:3  | 24332 ||| STAIRDANCE
 24334 | Swamp:2  | 24334 ||| INVOKING Heroism.
 24335 | Swamp:2  | 24335 ||| SWAPPING to +1 broad axe of flaming.
 24340 | Swamp:2  | 24340 ||| SWAPPING to +6 broad axe of chaos.
 24367 | Swamp:3  | Noticed Donald
 24368 | Swamp:3  | 24368 ||| INVOKING Heroism.
 24369 | Swamp:3  | 24369 ||| INVOKING Finesse.
 24374 | Swamp:3  | Killed Donald
 24374 | Swamp:3  | Identified the +2 pair of gloves of Unbearable Leaves
                  | {*Slow rElec Int+6} (Okawaru gifted it to you on level 3 of
                  | the Swamp)
 24374 | Swamp:3  | Received a gift from Okawaru
 24411 | Swamp:3  | 24411 ||| READING scroll of enchant weapon.
 24411 | Swamp:3  | 24411 ||| ENCHANTING +6 broad axe of chaos.
 24618 | Swamp:3  | 24618 ||| INVOKING Heroism.
 24684 | Swamp:3  | Noticed Mara
 24685 | Swamp:3  | 24685 ||| INVOKING Finesse.
 24690 | Swamp:3  | 24690 ||| INVOKING Heroism.
 24696 | Swamp:3  | 24696 ||| STAIRDANCE
 24697 | Swamp:3  | Noticed qw's illusion
 24725 | Swamp:2  | 24725 ||| UPGRADING to +2 pair of gloves of Unbearable
                  | Leaves {*Slow rElec Int+6}.
 24730 | Swamp:2  | 24730 ||| DROPPING +2 hat of willpower.
 24733 | Swamp:3  | 24733 ||| STAIRDANCE
 24739 | Swamp:3  | 24739 ||| STAIRDANCE
 24749 | Swamp:3  | 24749 ||| STAIRDANCE
 24753 | Swamp:3  | 24753 ||| STAIRDANCE
 24797 | Swamp:3  | 24797 ||| Stepping ~*~*~tactically~*~*~ (hiding).
 24804 | Swamp:3  | 24804 ||| INVOKING Heroism.
 24805 | Swamp:3  | 24805 ||| INVOKING Finesse.
 24811 | Swamp:3  | Killed Mara
 24812 | Swamp:3  | Reached skill level 15 in Fighting
 24847 | Swamp:3  | 24847 ||| INVOKING Heroism.
 25095 | Swamp:3  | 25095 ||| PLANNING SNAKE:1-3
 25282 | Snake:1  | Entered Level 1 of the Snake Pit
 25285 | Snake:1  | 25285 ||| Stepping ~*~*~tactically~*~*~ (hiding).
 25350 | Snake:1  | 25350 ||| INVOKING Heroism.
 25382 | Snake:1  | 25382 ||| Stepping ~*~*~tactically~*~*~ (hiding).
 25413 | Snake:1  | 25413 ||| INVOKING Heroism.
 25432 | Snake:1  | Reached skill level 12 in Armour
 25442 | Snake:1  | 25442 ||| READING scroll of brand weapon.
 25442 | Snake:1  | 25442 ||| BRANDING +7 broad axe of chaos.
 25443 | Snake:1  | 25443 ||| DROPPING +1 broad axe of flaming.
 25588 | Snake:1  | 25588 ||| INVOKING Heroism.
 25589 | Snake:1  | Found Bowi's Antique Armour Emporium.
 25614 | Snake:1  | 25614 ||| BUYING glowing chain mail (187 gold).
 25614 | Snake:1  | Bought a glowing chain mail for 187 gold pieces
 25614 | Snake:1  | 25614 ||| BUYING glowing chain mail (187 gold).
 25614 | Snake:1  | Bought a glowing chain mail for 187 gold pieces
 25614 | Snake:1  | 25614 ||| BUYING pair of embroidered boots (187 gold).
 25614 | Snake:1  | Bought a pair of embroidered boots for 187 gold pieces
 25614 | Snake:1  | 25614 ||| BUYING pitted plate armour (700 gold).
 25614 | Snake:1  | Bought a pitted plate armour for 700 gold pieces
 25614 | Snake:1  | Identified the +9 plate armour of the Cicada {rF+} (You
                  | bought it in a shop on level 1 of the Snake Pit)
 25648 | Snake:1  | 25648 ||| DROPPING +2 chain mail of cold resistance.
 25649 | Snake:1  | 25649 ||| DROPPING +2 chain mail of cold resistance.
 25650 | Snake:1  | 25650 ||| DROPPING +1 chain mail of cold resistance.
 25651 | Snake:1  | 25651 ||| DROPPING +1 pair of boots of flying.
 25652 | Snake:1  | 25652 ||| UPGRADING to +9 plate armour of the Cicada {rF+}.
 25662 | Snake:1  | 25662 ||| DROPPING +1 chain mail of Prudence {Str+7}.
 25663 | Snake:1  | 25663 ||| DROPPING amulet of faith.
 25686 | Snake:2  | 25686 ||| INVOKING Heroism.
 25809 | Snake:2  | 25809 ||| Stepping ~*~*~tactically~*~*~ (hiding).
 25810 | Snake:2  | 25810 ||| Stepping ~*~*~tactically~*~*~ (stealth).
 25811 | Snake:2  | 25811 ||| Stepping ~*~*~tactically~*~*~ (hiding).
 25815 | Snake:2  | 25815 ||| INVOKING Heroism.
 25869 | Snake:2  | 25869 ||| INVOKING Heroism.
 25923 | Snake:2  | 25923 ||| Stepping ~*~*~tactically~*~*~ (stealth).
 25938 | Snake:2  | 25938 ||| INVOKING Heroism.
 25961 | Snake:2  | 25961 ||| Stepping ~*~*~tactically~*~*~ (hiding).
 25962 | Snake:2  | 25962 ||| Stepping ~*~*~tactically~*~*~ (hiding).
 26096 | Snake:2  | 26096 ||| Stepping ~*~*~tactically~*~*~ (hiding).
 26102 | Snake:2  | 26102 ||| INVOKING Heroism.
 26212 | Snake:2  | 26212 ||| INVOKING Heroism.
 26370 | Snake:2  | 26370 ||| INVOKING Heroism.
 26381 | Snake:2  | Received a gift from Okawaru
 26563 | Snake:3  | 26563 ||| INVOKING Heroism.
 26594 | Snake:3  | 26594 ||| READING scroll of brand weapon.
 26594 | Snake:3  | 26594 ||| BRANDING +7 broad axe of flaming.
 26631 | Snake:3  | 26631 ||| Stepping ~*~*~tactically~*~*~ (hiding).
 26633 | Snake:3  | 26633 ||| Stepping ~*~*~tactically~*~*~ (hiding).
 26637 | Snake:3  | 26637 ||| INVOKING Heroism.
 26746 | Snake:3  | 26746 ||| INVOKING Heroism.
 26748 | Snake:3  | 26748 ||| Stepping ~*~*~tactically~*~*~ (hiding).
 26755 | Snake:3  | Reached skill level 15 in Shields
 26755 | Snake:3  | 26755 ||| Stepping ~*~*~tactically~*~*~ (hiding).
 26756 | Snake:3  | 26756 ||| Stepping ~*~*~tactically~*~*~ (hiding).
 26768 | Snake:3  | Reached XP level 18. HP: 115/119 MP: 25/25
 26773 | Snake:3  | Received a gift from Okawaru
 26796 | Snake:3  | 26796 ||| Stepping ~*~*~tactically~*~*~ (stealth).
 26798 | Snake:3  | 26798 ||| INVOKING Heroism.
 26878 | Snake:3  | 26878 ||| INVOKING Heroism.
 27213 | Snake:3  | Found Cecicod's Antique Armour Boutique.
 27433 | Snake:3  | 27433 ||| PLANNING SWAMP:4
 27639 | Swamp:4  | Entered Level 4 of the Swamp
 27640 | Swamp:4  | 27640 ||| INVOKING Heroism.
 27650 | Swamp:4  | 27650 ||| Stepping ~*~*~tactically~*~*~ (hiding).
 27651 | Swamp:4  | 27651 ||| INVOKING Finesse.
 27652 | Swamp:4  | 27652 ||| INVOKING Finesse.
 27678 | Swamp:4  | 27678 ||| FLEEEEING.
 27679 | Swamp:4  | 27679 ||| STAIRDANCE
 27779 | Swamp:4  | 27779 ||| INVOKING Heroism.
 27806 | Swamp:4  | 27806 ||| Stepping ~*~*~tactically~*~*~ (stealth).
 27814 | Swamp:4  | Identified the +8 battleaxe "Feliguss" {holy, rN++ Will-
                  | Str+4} (Okawaru gifted it to you on level 4 of the Swamp)
 27814 | Swamp:4  | Received a gift from Okawaru
 27846 | Swamp:4  | 27846 ||| INVOKING Heroism.
 27853 | Swamp:4  | Reached skill level 15 in Armour
 27864 | Swamp:4  | 27864 ||| INVOKING Heroism.
 27880 | Swamp:4  | 27880 ||| Stepping ~*~*~tactically~*~*~ (stealth).
 27895 | Swamp:4  | 27895 ||| Stepping ~*~*~tactically~*~*~ (hiding).
 27897 | Swamp:4  | 27897 ||| Stepping ~*~*~tactically~*~*~ (hiding).
 27928 | Swamp:4  | 27928 ||| INVOKING Heroism.
 27939 | Swamp:4  | 27939 ||| Stepping ~*~*~tactically~*~*~ (stealth).
 27940 | Swamp:4  | 27940 ||| Stepping ~*~*~tactically~*~*~ (stealth).
 27941 | Swamp:4  | 27941 ||| Stepping ~*~*~tactically~*~*~ (stealth).
 27942 | Swamp:4  | 27942 ||| Stepping ~*~*~tactically~*~*~ (stealth).
 27943 | Swamp:4  | 27943 ||| Stepping ~*~*~tactically~*~*~ (stealth).
 27955 | Swamp:4  | 27955 ||| Stepping ~*~*~tactically~*~*~ (stealth).
 27957 | Swamp:4  | 27957 ||| Stepping ~*~*~tactically~*~*~ (stealth).
 27958 | Swamp:4  | 27958 ||| Stepping ~*~*~tactically~*~*~ (stealth).
 27966 | Swamp:4  | 27966 ||| Stepping ~*~*~tactically~*~*~ (stealth).
 27967 | Swamp:4  | 27967 ||| Stepping ~*~*~tactically~*~*~ (stealth).
 27979 | Swamp:4  | 27979 ||| INVOKING Heroism.
 28029 | Swamp:4  | 28029 ||| INVOKING Heroism.
 28044 | Swamp:4  | 28044 ||| Stepping ~*~*~tactically~*~*~ (stealth).
 28085 | Swamp:4  | 28085 ||| Stepping ~*~*~tactically~*~*~ (hiding).
 28088 | Swamp:4  | 28088 ||| Stepping ~*~*~tactically~*~*~ (hiding).
 28093 | Swamp:4  | 28093 ||| INVOKING Heroism.
 28098 | Swamp:4  | Identified the +0 chain mail "Duadd" {Str+4} (Okawaru
                  | gifted it to you on level 4 of the Swamp)
 28098 | Swamp:4  | Received a gift from Okawaru
 28120 | Swamp:4  | 28120 ||| Stepping ~*~*~tactically~*~*~ (stealth).
 28144 | Swamp:4  | 28144 ||| Stepping ~*~*~tactically~*~*~ (stealth).
 28145 | Swamp:4  | 28145 ||| Stepping ~*~*~tactically~*~*~ (stealth).
 28249 | Swamp:4  | 28249 ||| Stepping ~*~*~tactically~*~*~ (stealth).
 28308 | Swamp:4  | 28308 ||| INVOKING Heroism.
 28316 | Swamp:4  | HP: 28/123 [constriction (12)]
 28317 | Swamp:4  | 28317 ||| READING 12 scrolls of teleportation.
 28317 | Swamp:4  | HP: 11/123 [14-headed hydra (6)]
 28317 | Swamp:4  | Slain by a 14-headed hydra

Levels and vault maps discovered:
D:1:      minmay_arrival_hallway, layout_basic, minmay_door_square,
          minmay_heptomino_d4
D:2:      minmay_chambers_of_twos, layout_basic,
          hellmonk_ecumenical_altar_arch_garden, serial_shops,
          nicolae_shop_hallway_plus, uniq_terence
D:3:      layout_rooms, serial_co_window_serial, co_window_corner_a,
          co_window_of_opportunity_a, co_window_corner_a, co_window_paths_b,
          co_window_corner_a, co_window_paths_b, co_window_of_opportunity_a,
          co_window_2corner, co_window_cross_3, co_window_2corner,
          co_window_paths_d, glass_columns_c, glass_columns_a, uniq_grinder,
          uniq_crazy_yiuf_cottage
D:4:      layout_cave_pools, minmay_temple_entry_poolview,
          chequers_serial_rivers_micro_d, kennysheep_potato, uniq_robin
D:5:      layout_basic
D:6:      layout_loops_ring, serial_bayou_lagoon_a, uniq_menkaure
D:7:      layout_loops_ring, minmay_between
D:8:      layout_loops_ring, david_lair_generic, nrook_pool_corridor
D:9:      layout_layer_cave, minitemple, orc_0_dummy, david_defended_altar_orc,
          uniq_grum, uniq_joseph
D:10:     layout_roguey
D:11:     layout_basic, serial_shops, shop, nicolae_shop_i_like_big_books,
          uniq_josephine, uniq_maurice, uniq_harold, uniq_snorg, uniq_sonja
D:12:     layout_rooms, gammafunk_ghost_wrathful_warriors,
          minmay_fractal_squares_gapless_7, uniq_kirke
D:13:     layout_roguey, nicolae_ru_path_of_blood, uniq_rupert
D:14:     layout_long_grid, david_vaults_3, nrook_campfire, led_xom_imps
D:15:     grunt_enter_depths_giant_problem, layout_irregular_city,
          grunt_decor_fettered
Temple:   hellmonk_temple_two_chambers
Lair:1:   layout_concentric_octagons, nicolae_volcano_entry_two_sided
Lair:2:   dreamdust_labyrinth, layout_hall_layers,
          nicolae_swamp_entry_splash_gauntlet, gammafunk_ghost_necromancy,
          gauntlet_entry_generic, serial_bayou_pond_a
Lair:3:   layout_cave_pods, minmay_snake_entry_guardpost_small
Lair:4:   hangedman_what_comes_after_a, layout_hall_layers,
          dpeg_slime_entry_corner
Lair:5:   minmay_lair_end_frog_pond, layout_loops_ring, lemuel_fruit_fields,
          serial_bayou_shore_b
Swamp:1:  layout_falls_marsh, hangedman_swamp_ruin_hall, swamp_pool2,
          uniq_jorgrun
Swamp:2:  layout_basic_swamp, infiniplex_staircase_pool, swamp_pool5,
          st_swamp_ruins_1
Swamp:3:  layout_falls_marsh, nicolae_swamp_tree_designs, swamp_pool4,
          uniq_donald, uniq_mara
Swamp:4:  swamp_basic_johnstein, layout_basic_swamp, swamp_pool5, worms_lemuel
Snake:1:  layout_onion_interference, serial_shops, nicolae_diamond_shop
Snake:2:  layout_onion, grunt_megastairs_4
Snake:3:  layout_cave_shapes, serial_shops, nicolae_shop_hallway_plus
Orc:1:    layout_caves, basic_altar
Orc:2:    st_orc_congregation, layout_diamond_mine,
          portal_ice_cave_entry_animals_and_master, serial_shops, shop

Skill      XL: |  1  2  3  4  5  6  7  8  9 10 11 12 13 14 15 16 17 18 |
---------------+-------------------------------------------------------+-----
Axes           | 2 3 4 5 6 7 8 9 10 12 14 15 17 18 | 18.0
Throwing       | 3 4 5 6 7 |  7.3
Fighting       | 4 5 6 7 8 9 10 12 14 15 17 | 17.0
Dodging        | 1 2 3 4 |  4.1
Armour         | 4 5 6 8 9 10 11 14 15 | 15.0
Invocations    | 4 5 9 10 | 10.0
Shields        | 8 9 10 11 12 13 15 | 15.5

Action                   |  1- 3 |  4- 6 |  7- 9 | 10-12 | 13-15 | 16-18 || total
-------------------------+-------+-------+-------+-------+-------+-------++-------
Melee: War axe           |    99 |    56 |       |       |       |       ||   155
       Broad axe         |       |    55 |   289 |   376 |   670 |   855 ||  2245
       Morningstar       |       |       |       |     8 |    51 |       ||    59
Throw: Javelin           |       |     7 |    36 |    44 |   137 |    15 ||   239
       Boomerang         |       |     8 |    20 |    26 |    77 |   132 ||   263
Invok: Heroism           |       |       |    11 |    29 |    47 |    54 ||   141
       Finesse           |       |       |       |     3 |    13 |     8 ||    24
  Use: Scroll            |     5 |     6 |     7 |    10 |     7 |     8 ||    43
       Potion            |     1 |     1 |     4 |       |     3 |     4 ||    13
 Stab: Petrifying        |       |       |       |       |     2 |       ||     2
       Confused          |       |       |       |       |     2 |     2 ||     4
       Sleeping          |       |       |       |       |       |     1 ||     1
       Distracted        |       |       |       |       |       |     5 ||     5
Armor: Scale mail        |    55 |    21 |       |       |       |       ||    76
       Plate armour      |       |    46 |   178 |    91 |       |   263 ||   578
       Chain mail        |       |       |       |    99 |   344 |   177 ||   620
Dodge: Dodged            |    53 |    29 |    77 |   144 |   345 |   363 ||  1011
       Repelled          |       |       |       |       |       |    32 ||    32
Block: Buckler           |    21 |    15 |    32 |       |       |       ||    68
       Kite shield       |       |       |    70 |   248 |   439 |   639 ||  1396

Table legend:
 A = Non-vault XP
 B = Vault XP
 C = Vault XP percentage of total XP
 D = Non-vault monster count
 E = Vault monster count
 F = Vault count percentage of total count
                 A         B        C        D         E       F
            +---------+---------+-------+---------+---------+-------
      Total |  201387 |   99411 |  33.0 |     751 |     338 |  31.0
            +---------+---------+-------+---------+---------+-------
        D:1 |      60 |       3 |   4.8 |      31 |       2 |   6.1
        D:2 |      44 |      50 |  53.2 |      13 |       9 |  40.9
        D:3 |      58 |     281 |  82.9 |      22 |       1 |   4.3
        D:4 |     267 |      32 |  10.7 |      17 |      11 |  39.3
        D:5 |     597 |       0 |   0.0 |      24 |       0 |   0.0
        D:6 |    1076 |     169 |  13.6 |      28 |       1 |   3.4
        D:7 |    1804 |     491 |  21.4 |      34 |       4 |  10.5
        D:8 |    3499 |     736 |  17.4 |      33 |       4 |  10.8
        D:9 |    1767 |    1363 |  43.5 |      15 |       7 |  31.8
       D:10 |    1533 |       0 |   0.0 |      19 |       0 |   0.0
       D:11 |    3980 |    4653 |  53.9 |      17 |       8 |  32.0
       D:12 |    3353 |    8287 |  71.2 |      15 |      16 |  51.6
       D:13 |   10395 |    7002 |  40.2 |      21 |      20 |  48.8
       D:14 |    4621 |    1058 |  18.6 |       9 |       5 |  35.7
       D:15 |   14116 |    1092 |   7.2 |      28 |       1 |   3.4
     Lair:1 |    1769 |       0 |   0.0 |       9 |       0 |   0.0
     Lair:2 |    6731 |    1206 |  15.2 |      27 |       5 |  15.6
     Lair:3 |    5000 |     326 |   6.1 |      25 |       2 |   7.4
     Lair:4 |    5643 |   11215 |  66.5 |      16 |      61 |  79.2
     Lair:5 |   14808 |    9563 |  39.2 |      45 |      33 |  42.3
    Swamp:1 |   10542 |    1877 |  15.1 |      19 |       1 |   5.0
    Swamp:2 |   15336 |    4009 |  20.7 |      27 |       9 |  25.0
    Swamp:3 |    9379 |    6000 |  39.0 |      23 |       2 |   8.0
    Swamp:4 |   22576 |   17803 |  44.1 |      37 |      37 |  50.0
    Snake:1 |   15135 |       0 |   0.0 |      28 |       0 |   0.0
    Snake:2 |   15049 |    5143 |  25.5 |      33 |       9 |  21.4
    Snake:3 |   25498 |       0 |   0.0 |      51 |       0 |   0.0
      Orc:1 |    4915 |       0 |   0.0 |      51 |       0 |   0.0
      Orc:2 |    1836 |   13370 |  87.9 |      34 |      80 |  70.2
   Gauntlet |       0 |    3682 | 100.0 |       0 |      10 | 100.0
            +---------+---------+-------+---------+---------+-------
